Map: Тритон РВ

Players

Nothing - Winner!

  • Race: Protoss Protoss
  • League: Master
  • Spawn Location: 11:00

YoungDeeDan

  • Race: Terran Terran
  • League: Master
  • Spawn Location: 5:00

VOD

Have the link to the VOD?

Description

Time

  • Played on: Nov. 3, 2019, 10:18 a.m.
  • Length: 12:57
Show
View Real Time Build Order
Export as new Build Order

Nothing Protoss - Winner!

Build Orders: 1 Gate Expand, Blink Stalkers, Zealot Archon 

Get SALT Encoding   

  12  0:00  Probe  
  13  0:12  Probe  
  14  0:17  Pylon  
  14  0:24  Probe (Chrono Boost)  
  16  0:36  Gateway  
  16  0:37  Probe (Chrono Boost)  
  16  0:43  Probe (Chrono Boost)  
  16  0:45  Assimilator  
  17  0:51  Probe  
  18  1:03  Probe (Chrono Boost)  
  19  1:13  Probe (Chrono Boost)  
  20  1:22  Nexus  
  20  1:30  Cybernetics Core  
  20  1:33  Probe  
  21  1:40  Assimilator  
  21  1:45  Probe  
  22  1:50  Pylon  
  22  1:58  Probe  
  23  2:05  Adept (Chrono Boost)  
  23  2:07  Warp Gate  
  25  2:10  Probe  
  25  2:13  Twilight Council  
  26  2:22  Probe  
  27  2:27  Stalker (Chrono Boost)  
  29  2:34  Probe x2  
  31  2:46  Probe x2  
  31  2:48  Stalker (Chrono Boost)  
  35  2:57  Blink (Chrono Boost)  
  35  2:58  Probe x2  
  36  3:10  Probe  
  36  3:11  Probe  
  38  3:15  Stalker (Chrono Boost)  
  40  3:22  Pylon  
  40  3:29  Probe x2  
  40  3:33  Gateway  
  42  3:35  Gateway  
  42  3:47  Robotics Facility  
  42  3:48  Pylon  
  40  3:50  Probe x2  
  40  3:55  Stalker  
  44  4:02  Probe x2  
  46  4:07  Pylon  
  46  4:14  Probe x2  
  48  4:18  Assimilator  
  48  4:19  Stalker  
  48  4:20  Assimilator  
  50  4:27  Stalker  
  50  4:29  Stalker  
  55  4:31  Probe x2  
  55  4:35  Observer (Chrono Boost)  
  57  4:42  Nexus  
  57  4:48  Probe x2  
  57  4:52  Stalker x2  
  63  4:55  Observer (Chrono Boost)  
  63  4:56  Stalker  
  64  5:14  Probe x2  
  66  5:17  Gateway  
  66  5:19  Gateway  
  66  5:21  Charge (Chrono Boost)  
  66  5:22  Gateway  
  66  5:28  Pylon  
  64  5:55  Probe x2  
  64  5:56  Probe  
  67  6:01  Templar Archives, Stalker x3  
  67  6:02  Gateway  
  73  6:06  Gateway  
  73  6:09  Probe x3  
  76  6:12  Pylon  
  76  6:16  Warp Prism, Stalker x2  
  74  6:31  Stalker x4  
  80  6:34  Probe  
  80  6:35  Probe  
  81  6:41  High Templar x2  
  81  6:44  Archon  
  85  6:54  Zealot x4  
  87  6:58  Zealot  
  95  7:02  Zealot  
  97  7:14  Zealot x2  
  101  7:19  Pylon  
  101  7:21  Pylon  
  101  7:22  Pylon  
  86  7:32  Zealot x3  
  86  7:33  Zealot x3  
  86  7:35  Zealot x2  
  82  7:57  High Templar x3  
  82  7:58  High Templar x3, Zealot  
  80  7:59  Zealot  
  80  8:01  Archon  
  80  8:02  Archon  
  80  8:03  Archon  
  80  8:16  Zealot, Gateway  
  80  8:17  Zealot  
  80  8:18  Probe x3, Gateway  
  87  8:27  Zealot x4  
  87  8:28  Zealot x2  
  99  8:38  Probe x3  
  102  8:44  High Templar x2  
  102  8:47  Assimilator  
  102  8:48  Assimilator  
  106  8:52  Archon  
  106  8:54  Stalker  
  106  8:55  Stalker x5  
  100  9:14  Zealot x2  
  90  9:18  Zealot x2  
  90  9:19  Zealot x2  
  90  9:21  Zealot x4  
  90  9:38  Zealot x2  
  86  9:42  Zealot x2  
  86  9:43  Zealot x6  
  102  9:59  High Templar x2  
  106  10:05  Archon  
  106  10:12  Forge x2  
  106  10:14  Zealot x7  
  108  10:15  Zealot  
  108  10:18  Zealot x2  
  108  10:19  High Templar x4  
  108  10:20  Zealot x2  
  122  10:23  Archon x2  
  122  10:38  Protoss Ground Weapons Level 1 (Chrono Boost), Protoss Ground Armor Level 1 (Chrono Boost)  
  122  10:39  Zealot  
  124  10:44  Pylon x2  
  124  10:46  Pylon x2, Nexus  
  124  10:47  Pylon  
  124  10:50  Pylon  
  124  10:52  Pylon  
  124  11:05  Zealot x7  
  124  11:06  Zealot x3  
  118  11:25  High Templar  
  118  11:26  High Templar x4  
  118  11:27  High Templar  
  118  11:28  Zealot x4  
  118  11:31  Archon x3  
  122  11:55  Zealot x2  
  122  11:56  Zealot x2  
  122  11:58  Zealot x4  
  114  12:11  Zealot  
  114  12:12  Zealot  
  106  12:17  Stalker x4  
  106  12:18  Stalker x4  
  112  12:33  Zealot x2  
  104  12:47  Zealot x8  
Show
View Real Time Build Order
Export as new Build Order

YoungDeeDan Terran 

Build Orders: Reaper Expand 

Get SALT Encoding   

  12  0:00  SCV  
  13  0:12  SCV  
  14  0:17  Supply Depot  
  14  0:24  SCV  
  15  0:38  SCV  
  15  0:40  Barracks  
  16  0:45  Refinery  
  16  0:51  SCV  
  17  1:05  SCV  
  18  1:19  SCV  
  19  1:29  Reaper  
  19  1:31  Orbital Command  
  20  1:40  Command Center  
  20  1:56  Supply Depot, SCV  
  20  2:01  Marine  
  22  2:05  Factory  
  22  2:09  SCV  
  23  2:16  Refinery  
  23  2:21  SCV  
  24  2:23  Barracks Reactor  
  24  2:33  SCV  
  25  2:45  SCV  
  25  2:48  Barracks  
  28  2:53  Factory Tech Lab  
  28  2:57  Orbital Command  
  26  2:59  SCV  
  27  3:10  Marine x2  
  27  3:11  SCV  
  29  3:14  Siege Tank  
  32  3:22  Supply Depot  
  32  3:23  SCV  
  32  3:26  SCV  
  34  3:28  Marine  
  35  3:35  SCV, Marine  
  35  3:38  SCV  
  38  3:46  Marine  
  38  3:47  Barracks Tech Lab  
  38  3:50  SCV, Barracks  
  38  3:53  Engineering Bay, SCV, Marine  
  41  4:00  Refinery  
  41  4:02  SCV  
  42  4:05  Stimpack  
  42  4:08  Marauder, SCV  
  45  4:13  Marine x2  
  45  4:14  SCV  
  48  4:20  SCV  
  48  4:21  Terran Infantry Weapons Level 1  
  49  4:26  SCV  
  49  4:29  Supply Depot  
  52  4:31  Marauder  
  52  4:32  Supply Depot, SCV  
  52  4:38  Combat Shield, SCV  
  53  4:42  Factory Reactor  
  53  4:44  Starport  
  54  4:50  Marauder, SCV, Marine x2  
  61  4:52  Marauder  
  61  4:55  Supply Depot  
  58  5:08  Marine x2  
  58  5:12  Marauder, Bunker  
  58  5:13  Bunker  
  62  5:14  Marauder  
  62  5:25  Marine x2  
  62  5:26  Supply Depot  
  62  5:27  Medivac x2  
  68  5:33  Marauder  
  68  5:34  Factory Reactor  
  72  5:35  Marauder  
  71  5:52  Supply Depot x2  
  71  5:55  Marauder  
  71  5:56  Marine x2  
  72  5:57  Command Center  
  71  6:09  Marauder  
  71  6:10  Medivac x2  
  76  6:12  SCV  
  76  6:16  Marauder  
  79  6:19  Supply Depot  
  79  6:20  Supply Depot, SCV  
  79  6:24  SCV  
  81  6:27  Terran Infantry Armor Level 1  
  81  6:35  Widow Mine x2  
  81  6:37  Marine x2  
  81  6:38  Marauder  
  89  6:41  Marauder  
  91  6:48  Refinery  
  91  6:49  Concussive Shells  
  91  6:56  Marine x2  
  91  6:58  Widow Mine x2  
  91  6:59  Marauder  
  99  7:06  Marauder  
  101  7:14  Marine x2  
  103  7:18  Medivac  
  103  7:21  Marauder  
  106  7:28  Marauder  
  99  7:31  Marine  
  96  7:38  Widow Mine x2  
  96  7:39  Orbital Command  
  96  7:42  Marauder  
  102  7:49  Marauder  
  94  8:02  Marine x2  
  94  8:03  Marauder, Widow Mine x2, Medivac  
  94  8:04  Medivac  
  106  8:09  Orbital Command  
  106  8:10  Marauder  
  106  8:11  SCV  
  106  8:12  SCV  
  110  8:22  Marine  
  110  8:25  Marauder  
  113  8:30  Widow Mine x2, SCV  
  113  8:32  Marauder  
  113  8:33  SCV  
  121  8:42  SCV x2  
  121  8:45  SCV  
  121  8:46  Marauder, Marine  
  127  8:50  Medivac  
  127  8:51  Widow Mine  
  127  8:52  Widow Mine  
  133  8:57  Marauder, Marine  
  133  8:58  Supply Depot  
  101  9:18  Marauder, Marine x2  
  101  9:19  Marauder, Widow Mine x2  
  106  9:29  Medivac  
  106  9:30  SCV x2  
  105  9:36  Marine x2  
  105  9:38  SCV  
  100  9:39  Marauder, Barracks x2  
  100  9:42  SCV  
  103  9:59  Marauder, Marine x2  
  111  10:00  Widow Mine x2, Medivac x2  
  111  10:01  SCV  
  111  10:03  SCV  
  111  10:05  Armory  
  111  10:06  Engineering Bay  
  117  10:07  SCV  
  117  10:13  SCV  
  119  10:25  Marauder  
  121  10:29  Marauder, Widow Mine x2, Marine  
  121  10:34  Barracks Tech Lab, Barracks Reactor  
  128  10:36  SCV  
  128  10:37  SCV  
  128  10:38  Command Center  
  128  10:39  Sensor Tower, Refinery x2  
  128  10:41  Supply Depot  
  130  11:01  Ghost Academy  
  130  11:03  Marauder  
  107  11:20  Marauder x2, Marine  
  107  11:21  Widow Mine  
  107  11:22  Medivac x2, Marine x2  
  107  11:23  SCV, Marine  
  107  11:24  SCV  
  107  11:25  Marauder  
  121  11:37  Marine  
  122  11:41  Ghost x2  
  108  11:57  Marine  
  108  11:58  Marine  
  95  12:02  Marine  
  95  12:06  Marine  
  89  12:09  Marine x2  
  81  12:16  Marine  
  81  12:19  Marine  
  77  12:24  Marine  
  73  12:30  Marine  
  73  12:31  Widow Mine  
  73  12:32  Widow Mine  
  73  12:34  Marine  
Tags
 
Add a new tag
Caveats
  • Supply blocks, unpowered buildings, or Contaminate may cause inaccurate times.
  • Supply counts are checked every 10 seconds.